BSA
SPRINGFIELD STARS @ HOUSTON MARSHALS
04/18/2028
 
TOP OF THE 1ST
Springfield Stars batting - Pitching for Houston Marshals : LHP José Hidalgo
Pitching: LHP José Hidalgo
Batting: RHB Desi Thompson 0-0: Ball
1-0: Swinging Strike
1-1: Ball
2-1: Foul Ball, location: 2F
2-2: Ball
3-2: Strikes out swinging
Batting: RHB Calvin Bennett 0-0: Foul Ball, location: 2F
0-1: SINGLE (Flyball, 9LS)
Batting: LHB Derek Davidson 0-0: Ball
1-0: SINGLE (Groundball, 4MD)
Calvin Bennett to second
Batting: LHB Felipe Guerrero 0-0: Ball
1-0: Foul Ball, location: 2F
1-1: Swinging Strike
1-2: 3-RUN HOME RUN (Flyball, 9D), Distance : 361 ft
Batting: LHB Elliott Newell 0-0: Called Strike
0-1: Swinging Strike
0-2: Ball
1-2: Ball
2-2: Ball
3-2: SINGLE (Flyball, 7S)
Batting: SHB Shane Hutchinson 0-0: SINGLE (Groundball, 6) (infield hit)
Elliott Newell to second
Batting: LHB Ryan Drake 0-0: Ball
1-0: Fly out, F4 (Popup, 34)
Batting: LHB Jesús Tobías 0-0: Ball
1-0: Called Strike
1-1: Foul Ball, location: 2F
1-2: SINGLE (Line Drive, 34D)
Elliott Newell to third
Shane Hutchinson to second
Batting: RHB Will Sterling 0-0: Ball
1-0: Fly out, F7 (Flyball, 7S)
Top of the 1st over - 3 run(s), 6 hit(s), 0 error(s), 3 left on base; Springfield 3 - Houston 0
BOTTOM OF THE 1ST
Houston Marshals batting - Pitching for Springfield Stars : LHP Anthony Erickson
Pitching: LHP Anthony Erickson
Batting: SHB Ramón Lugo 0-0: Swinging Strike
0-1: Fly out, F5 (Line Drive, 56)
Batting: LHB Lewis Barr 0-0: Foul Ball, location: 2F
0-1: Ball
1-1: Ball
2-1: Foul Ball, location: 2F
2-2: Ground out 4-3 (Groundball, 4D)
Batting: RHB Chris Parker 0-0: SINGLE (Groundball, 6MD)
Batting: LHB José Rodríguez 0-0: Ball
1-0: Ball
2-0: Ball
3-0: Base on Balls
Chris Parker to second
Batting: RHB Gustavo Díaz 0-0: Ball
1-0: Fielders Choice at 2nd, 5-4 (Groundball, 5L)
Bottom of the 1st over - 0 run(s), 1 hit(s), 0 error(s), 1 left on base; Springfield 3 - Houston 0
TOP OF THE 2ND
Springfield Stars batting - Pitching for Houston Marshals : LHP José Hidalgo
Batting: RHB Desi Thompson 0-0: Called Strike
0-1: Fly out, F9 (Flyball, 9S)
Batting: RHB Calvin Bennett 0-0: Called Strike
0-1: Ball
1-1: Ball
2-1: Ground out 6-3 (Groundball, 6)
Batting: LHB Derek Davidson 0-0: Called Strike
0-1: Ball
1-1: Fly out, F8 (Line Drive, 8LXD)
Top of the 2nd over - 0 run(s), 0 hit(s), 0 error(s), 0 left on base; Springfield 3 - Houston 0
BOTTOM OF THE 2ND
Houston Marshals batting - Pitching for Springfield Stars : LHP Anthony Erickson
Batting: LHB John Peterson 0-0: Ball
1-0: Ball
2-0: Foul Ball, location: 2F
2-1: Swinging Strike
2-2: Fly out, F8 (Line Drive, 8RD)
Batting: LHB Matt Smith 0-0: Ball
1-0: Ball
2-0: Swinging Strike
2-1: Foul Ball, location: 2F
2-2: Ball
3-2: Base on Balls
Batting: RHB Jim Tracy 0-0: Called Strike
0-1: Grounds into double play, 4-6-3 (Groundball, 4)
Bottom of the 2nd over - 0 run(s), 0 hit(s), 0 error(s), 0 left on base; Springfield 3 - Houston 0
TOP OF THE 3RD
Springfield Stars batting - Pitching for Houston Marshals : LHP José Hidalgo
Batting: LHB Felipe Guerrero 0-0: Called Strike
0-1: Foul Ball, location: 2F
0-2: Ball
1-2: Ball
2-2: Ball
3-2: Fly out, F6 (Popup, 6MD)
Batting: LHB Elliott Newell 0-0: Called Strike
0-1: Called Strike
0-2: DOUBLE (Line Drive, 8LXD)
Batting: SHB Shane Hutchinson 0-0: Ball
1-0: Ball
2-0: Ball
3-0: Called Strike
3-1: Swinging Strike
3-2: Ground out 5-3 (Groundball, 56)
Batting: LHB Ryan Drake 0-0: Ball
1-0: Ground out 4-3 (Groundball, 4)
Top of the 3rd over - 0 run(s), 1 hit(s), 0 error(s), 1 left on base; Springfield 3 - Houston 0
BOTTOM OF THE 3RD
Houston Marshals batting - Pitching for Springfield Stars : LHP Anthony Erickson
Batting: SHB Álex Rosado 0-0: Ball
1-0: Ball
2-0: Called Strike
2-1: Fly out, F4 (Line Drive, 4MD)
Batting: SHB Ramón Lugo 0-0: Foul Ball, location: 2F
0-1: Swinging Strike
0-2: Ball
1-2: Fly out, F8 (Flyball, 8LM)
Batting: LHB Lewis Barr 0-0: Ball
1-0: Ball
2-0: Foul Ball, location: 2F
2-1: Fly out, F8 (Line Drive, 8LD)
Bottom of the 3rd over - 0 run(s), 0 hit(s), 0 error(s), 0 left on base; Springfield 3 - Houston 0
TOP OF THE 4TH
Springfield Stars batting - Pitching for Houston Marshals : LHP José Hidalgo
Batting: LHB Jesús Tobías 0-0: Swinging Strike
0-1: Called Strike
0-2: Ball
1-2: SINGLE (Groundball, 34S) (infield hit)
Batting: RHB Will Sterling 0-0: Grounds into double play, 6-4-3 (Groundball, 6)
Batting: RHB Desi Thompson 0-0: Ball
1-0: Foul Ball, location: 2F
1-1: Foul Ball, location: 2F
1-2: Strikes out looking
Top of the 4th over - 0 run(s), 1 hit(s), 0 error(s), 0 left on base; Springfield 3 - Houston 0
BOTTOM OF THE 4TH
Houston Marshals batting - Pitching for Springfield Stars : LHP Anthony Erickson
Batting: RHB Chris Parker 0-0: Called Strike
0-1: Swinging Strike
0-2: Strikes out swinging
Batting: LHB José Rodríguez 0-0: Ball
1-0: Swinging Strike
1-1: SINGLE (Groundball, 6) (infield hit)
Batting: RHB Gustavo Díaz 0-0: Ball
1-0: Fly out, F7 (Flyball, 7)
Batting: LHB John Peterson 0-0: Foul Ball, location: 2F
0-1: Ball
1-1: Foul Ball, location: 2F
1-2: Strikes out swinging
Bottom of the 4th over - 0 run(s), 1 hit(s), 0 error(s), 1 left on base; Springfield 3 - Houston 0
TOP OF THE 5TH
Springfield Stars batting - Pitching for Houston Marshals : LHP José Hidalgo
Batting: RHB Calvin Bennett 0-0: Ball
1-0: Ball
2-0: Ball
3-0: Base on Balls
Batting: LHB Derek Davidson 0-0: Called Strike
0-1: Called Strike
0-2: Ball
1-2: Fielders Choice at 2nd, 1-6 (Groundball, P)
Batting: LHB Felipe Guerrero 0-0: Ball
1-0: Ball
2-0: Called Strike
2-1: Ball
3-1: Foul Ball, location: 2F
3-2: Base on Balls
Derek Davidson to second
Batting: LHB Elliott Newell 0-0: Foul Ball, location: 2F
0-1: Ball
1-1: Called Strike
1-2: Strikes out swinging
Batting: SHB Shane Hutchinson 0-0: Called Strike
0-1: Called Strike
0-2: Ball
1-2: Ball
2-2: SINGLE (Groundball, 4MD)
Derek Davidson to third
Felipe Guerrero to second
Runner from 3rd tries for Home, SAFE, throw made at trailing runner, SAFE at third!
Batting: LHB Ryan Drake 0-0: Swinging Strike
0-1: Foul Ball, location: 2F
0-2: Ball
1-2: Foul Ball, location: 2F
1-2: Foul Ball, location: 2F
1-2: Fielders Choice at 2nd, 4-6 (Groundball, 4)
Top of the 5th over - 1 run(s), 1 hit(s), 0 error(s), 1 left on base; Springfield 4 - Houston 0
BOTTOM OF THE 5TH
Houston Marshals batting - Pitching for Springfield Stars : LHP Anthony Erickson
Batting: LHB Matt Smith 0-0: Ball
1-0: Ball
2-0: Fly out, F5 (Popup, 56)
Batting: RHB Jim Tracy 0-0: Called Strike
0-1: Fly out, F9 (Line Drive, 9S)
Batting: SHB Álex Rosado 0-0: Ball
1-0: Ball
2-0: Ball
3-0: Called Strike
3-1: Base on Balls
Batting: SHB Ramón Lugo 0-0: Ball
1-0: Fielders Choice at 2nd, 5-4 (Groundball, 5)
Bottom of the 5th over - 0 run(s), 0 hit(s), 0 error(s), 0 left on base; Springfield 4 - Houston 0
TOP OF THE 6TH
Springfield Stars batting - Pitching for Houston Marshals : LHP José Hidalgo
Pitching: RHP Jim Daniel
Batting: LHB Jesús Tobías 0-0: Ball
1-0: Called Strike
1-1: Swinging Strike
1-2: Foul Ball, location: 2F
1-2: Ball
2-2: Foul Ball, location: 2F
2-2: Ball
3-2: Ground out U3 (Groundball, 34)
Batting: RHB Will Sterling 0-0: Ball
1-0: Called Strike
1-1: Ground out 4-3 (Groundball, 4)
Batting: RHB Desi Thompson 0-0: Ball
1-0: Foul Ball, location: 2F
1-1: Ball
2-1: Ball
3-1: SINGLE (Line Drive, 9LS)
Batting: RHB Calvin Bennett 0-0: Called Strike
0-1: Called Strike
Desi Thompson is caught stealing 2nd base
Top of the 6th over - 0 run(s), 1 hit(s), 0 error(s), 0 left on base; Springfield 4 - Houston 0
BOTTOM OF THE 6TH
Houston Marshals batting - Pitching for Springfield Stars : LHP Anthony Erickson
Batting: LHB Lewis Barr 0-0: Swinging Strike
0-1: Ball
1-1: Ground out 6-3 (Groundball, 6)
Batting: RHB Chris Parker 0-0: Ball
1-0: Ball
2-0: SINGLE (Flyball, 8LS)
Batting: LHB José Rodríguez 0-0: Foul Ball, location: 2F
0-1: Foul Ball, location: 2F
0-2: SINGLE (Groundball, 56D)
Chris Parker to second
Batting: RHB Gustavo Díaz 0-0: Ball
1-0: Ball
2-0: Ball
3-0: Called Strike
3-1: SINGLE (Line Drive, 8RS)
Chris Parker to third
José Rodríguez to second
Batting: LHB John Peterson 0-0: Fly out, F3 (Line Drive, 34)
Lined into DP, 3-6 (Line Drive, 34)
Bottom of the 6th over - 0 run(s), 3 hit(s), 0 error(s), 2 left on base; Springfield 4 - Houston 0
TOP OF THE 7TH
Springfield Stars batting - Pitching for Houston Marshals : RHP Jim Daniel
Batting: RHB Calvin Bennett 0-0: Ball
1-0: Ball
2-0: Ball
3-0: Called Strike
3-1: Foul Ball, location: 2F
3-2: Ground out 5-3 (Groundball, 56)
Batting: LHB Derek Davidson 0-0: Fly out, F7 (Flyball, 7S)
Batting: LHB Felipe Guerrero 0-0: Called Strike
0-1: Ball
1-1: SINGLE (Groundball, 6D)
Batting: LHB Elliott Newell 0-0: Ball
Felipe Guerrero is caught stealing 2nd base
Top of the 7th over - 0 run(s), 1 hit(s), 0 error(s), 0 left on base; Springfield 4 - Houston 0
BOTTOM OF THE 7TH
Houston Marshals batting - Pitching for Springfield Stars : LHP Anthony Erickson
Batting: LHB Matt Smith 0-0: Ground out 3-1 (Groundball, 34D)
Batting: RHB Jim Tracy 0-0: Ball
1-0: Reached via error on a dropped throw, E3
Batting: SHB Álex Rosado Pickoff Throw to First - Out!
0-0: Called Strike
0-1: Called Strike
0-2: Foul Ball, location: 2F
0-2: Ball
1-2: Ball
2-2: Fly out, F9 (Flyball, 9S)
Bottom of the 7th over - 0 run(s), 0 hit(s), 1 error(s), 0 left on base; Springfield 4 - Houston 0
TOP OF THE 8TH
Springfield Stars batting - Pitching for Houston Marshals : RHP Jim Daniel
Batting: LHB Elliott Newell 0-0: Swinging Strike
0-1: SOLO HOME RUN (Flyball, 9LD), Distance : 348 ft
Pitching: RHP José Gonzáles
Batting: SHB Shane Hutchinson 0-0: Reached on error, E4 (Groundball, 4)
Batting: LHB Ryan Drake 0-0: Called Strike
0-1: Ball
1-1: Ball
2-1: Foul Ball, location: 2F
2-2: Strikes out looking
Batting: LHB Jesús Tobías 0-0: Ball
1-0: Ball
2-0: Ball
3-0: Called Strike
3-1: TRIPLE (Flyball, 89M)
Shane Hutchinson scores
Batting: RHB Will Sterling 0-0: Ball
1-0: Called Strike
1-1: Ball
2-1: Foul Ball, location: 2F
2-2: SINGLE (Groundball, 6D)
Jesús Tobías scores
Batting: RHB Desi Thompson 0-0: SINGLE (Line Drive, 9S)
Will Sterling to second
Batting: RHB Calvin Bennett 0-0: Foul Ball, location: 2F
0-1: Fly out, F9 (Flyball, 9LSF)
Batting: LHB Derek Davidson 0-0: 3-RUN HOME RUN (Flyball, 8RXD), Distance : 426 ft
Batting: LHB Felipe Guerrero 0-0: Foul Ball, location: 2F
0-1: Ball
1-1: Ball
2-1: Ball
3-1: Base on Balls
Pitching: RHP Vinícius Itaquy
Batting: LHB Elliott Newell 0-0: Called Strike
0-1: Ball
1-1: Ball
2-1: Ball
3-1: Called Strike
3-2: 2-RUN HOME RUN (Flyball, 89XD), Distance : 397 ft
Batting: SHB Shane Hutchinson 0-0: Called Strike
0-1: Swinging Strike
0-2: Ball
1-2: Foul Ball, location: 2F
1-2: Ball
2-2: Ball
3-2: Strikes out swinging
Top of the 8th over - 8 run(s), 6 hit(s), 1 error(s), 0 left on base; Springfield 12 - Houston 0
BOTTOM OF THE 8TH
Houston Marshals batting - Pitching for Springfield Stars : LHP Anthony Erickson
Batting: SHB Ramón Lugo 0-0: Called Strike
0-1: Ball
1-1: Foul Ball, location: 2F
1-2: Ball
2-2: SINGLE (Line Drive, 6D)
Batting: LHB Lewis Barr 0-0: Foul Ball, location: 2F
0-1: Fly out, F7 (Flyball, 7D)
Batting: RHB Chris Parker 0-0: Called Strike
0-1: Ball
1-1: Ball
2-1: Grounds into double play, 6-4-3 (Groundball, 6)
Bottom of the 8th over - 0 run(s), 1 hit(s), 0 error(s), 0 left on base; Springfield 12 - Houston 0
TOP OF THE 9TH
Springfield Stars batting - Pitching for Houston Marshals : RHP Vinícius Itaquy
Batting: LHB Ryan Drake 0-0: Ball
1-0: Ball
2-0: Called Strike
2-1: Swinging Strike
2-2: Foul Ball, location: 2F
2-2: Ball
3-2: Base on Balls
Batting: LHB Jesús Tobías 0-0: Called Strike
0-1: Foul Ball, location: 2F
0-2: Ball
1-2: Ball
2-2: Foul Ball, location: 2F
2-2: Ball
3-2: SINGLE (Line Drive, 78M)
Ryan Drake to second
Batting: RHB Will Sterling 0-0: Called Strike
0-1: Ball
1-1: Ground out 6-3 (Groundball, 56D)
Ryan Drake to third
Jesús Tobías to second
Batting: RHB Desi Thompson 0-0: Called Strike
0-1: Ball
1-1: Ball
2-1: Ball
3-1: Called Strike
3-2: Ground out 4-3 (Groundball, 4)
Ryan Drake scores
Jesús Tobías to third
Pitching: RHP Dave Rhodes
Batting: RHB Calvin Bennett 0-0: Called Strike
0-1: Called Strike
0-2: Strikes out swinging
Top of the 9th over - 1 run(s), 1 hit(s), 0 error(s), 1 left on base; Springfield 13 - Houston 0
BOTTOM OF THE 9TH
Houston Marshals batting - Pitching for Springfield Stars : LHP Anthony Erickson
Pitching: LHP Shan Liu
Batting: LHB José Rodríguez 0-0: Ball
1-0: Swinging Strike
1-1: Foul Ball, location: 2F
1-2: Strikes out looking
Batting: RHB Gustavo Díaz 0-0: Fly out, F8 (Flyball, 8LD)
Batting: LHB John Peterson 0-0: Called Strike
0-1: SINGLE (Line Drive, 6D)
Batting: LHB Matt Smith 0-0: Hit by Pitch
John Peterson to second
Batting: RHB Jim Tracy 0-0: Called Strike
0-1: Ball
1-1: Called Strike
1-2: Ball
2-2: Strikes out swinging
Bottom of the 9th over - 0 run(s), 1 hit(s), 0 error(s), 2 left on base; Springfield 13 - Houston 0
Tuesday, August 8th, 2017 - OOTP Baseball 17.12 Build 75